Map: Alcyone LE

Players

Barcode

  • Race: Zerg Zerg
  • League: Master
  • Spawn Location: 1:00

llllllllllll - Winner!

  • Race: Terran Terran
  • League: Master
  • Spawn Location: 7:00

VOD

Have the link to the VOD?

Description

This is an revolutionary TvZ build order by combining 1-1-1 opening with 2-1-1.

It provides standard liberator/medivac harrass timing with a earlier than standard marine-tank push while having a good 3rd CC timing and upgrades

Time

  • Played on: Jan. 16, 2024, 12:52 p.m.
  • Length: 16:02
Show
View Real Time Build Order
Export as new Build Order

Barcode Zerg 

Build Orders: Hatch First 

Get SALT Encoding   

  12  0:01  Drone  
  13  0:12  Overlord  
  13  0:17  Drone  
  14  0:31  Drone x2  
  14  0:34  Drone  
  17  0:53  Hatchery  
  16  0:57  Drone  
  16  1:00  Drone  
  18  1:11  Extractor  
  18  1:16  Spawning Pool  
  16  1:19  Drone  
  16  1:22  Drone  
  18  1:28  Drone  
  19  1:39  Drone  
  20  2:06  Zergling x4  
  20  2:07  Queen x2  
  26  2:18  Metabolic Boost  
  26  2:28  Extractor  
  25  2:32  Hatchery  
  25  2:35  Drone x3  
  28  2:40  Overlord  
  28  2:55  Overlord  
  28  3:00  Drone x3  
  28  3:01  Drone  
  32  3:06  Queen  
  34  3:15  Queen  
  37  3:27  Drone x6  
  42  3:36  Overlord  
  42  3:39  Overlord  
  42  3:47  Drone x2  
  42  3:48  Drone x3  
  47  3:55  Queen  
  47  3:56  Queen  
  47  4:01  Queen  
  52  4:09  Zergling x2  
  52  4:10  Zergling x6  
  55  4:18  Overlord  
  55  4:26  Zergling x6  
  58  4:32  Overlord x2  
  58  4:38  Spore Crawler  
  58  4:39  Drone  
  58  4:40  Zergling x2, Drone x5  
  64  4:55  Overlord x2  
  64  4:56  Drone  
  64  4:57  Drone x6  
  71  5:09  Drone  
  71  5:10  Drone x4, Overlord x2  
  76  5:32  Hatchery  
  75  5:36  Drone  
  75  5:37  Drone  
  75  5:38  Lair  
  75  5:42  Drone x3, Baneling Nest  
  79  5:43  Extractor  
  79  5:44  Drone x2, Overlord x2  
  79  5:48  Hatchery  
  79  5:56  Drone x5  
  83  6:01  Drone  
  79  6:07  Zergling x2  
  79  6:08  Zergling x4  
  81  6:15  Zergling x4  
  81  6:16  Zergling x4  
  85  6:31  Zergling x2  
  85  6:32  Zergling x16  
  86  6:38  Baneling x2  
  86  6:39  Baneling  
  85  6:40  Zergling x8  
  85  6:43  Overlord  
  85  6:46  Queen  
  90  7:00  Hatchery  
  89  7:01  Zergling x2  
  89  7:02  Zergling x18  
  85  7:23  Queen  
  85  7:25  Queen  
  85  7:28  Extractor  
  85  7:29  Extractor, Evolution Chamber  
  86  7:30  Evolution Chamber  
  75  7:37  Drone  
  75  7:38  Drone x11  
  87  7:47  Centrifugal Hooks  
  87  7:49  Drone x2  
  87  7:50  Drone x3  
  87  7:51  Drone  
  93  7:54  Queen  
  93  7:57  Baneling x2  
  93  7:58  Baneling x3, Zerg Ground Armor Level 1  
  95  7:59  Zerg Melee Weapons Level 1  
  95  8:05  Zergling x10  
  96  8:06  Zergling x6, Spore Crawler  
  96  8:11  Hatchery  
  101  8:13  Zergling x10  
  106  8:35  Zergling x2  
  106  8:36  Zergling x28  
  121  8:41  Queen  
  121  8:45  Unknown  
  122  8:59  Overlord  
  122  9:00  Overlord x2  
  122  9:02  Zergling x2  
  122  9:03  Zergling x14  
  122  9:06  Hatchery  
  128  9:11  Baneling  
  128  9:12  Baneling x10  
  128  9:28  Extractor  
  128  9:29  Drone x3, Extractor  
  128  9:30  Drone x3  
  131  9:31  Drone x2  
  133  9:40  Zergling x2  
  133  9:41  Zergling x30  
  123  10:01  Zergling x2  
  123  10:02  Zergling x30  
  123  10:05  Baneling  
  123  10:06  Baneling x6  
  110  10:16  Zergling x2  
  110  10:17  Zergling x24  
  110  10:34  Drone x7, Hatchery  
  116  10:43  Zerg Missile Weapons Level 1, Zerg Ground Armor Level 2, Hydralisk Den  
  115  10:52  Zergling x2  
  115  10:53  Zergling x16  
  110  11:11  Hatchery  
  110  11:14  Queen  
  111  11:28  Zergling x16  
  111  11:29  Zergling x18  
  128  11:34  Overlord x2  
  95  11:55  Zergling x20  
  95  11:56  Zergling x6  
  95  11:58  Baneling x11  
  95  11:59  Hydralisk x3, Baneling x7  
  114  12:04  Queen  
  114  12:05  Drone  
  117  12:09  Hydralisk x8  
  117  12:10  Hydralisk x3  
  117  12:15  Infestation Pit  
  138  12:19  Baneling  
  138  12:20  Baneling x7  
  138  12:22  Overlord x2  
  138  12:23  Zergling x2  
  138  12:24  Zergling x16  
  138  12:26  Drone  
  148  12:33  Drone x2  
  148  12:34  Drone x2  
  152  12:38  Drone x2  
  152  12:39  Drone x2  
  152  12:42  Zerg Melee Weapons Level 2  
  126  13:09  Zergling x10  
  126  13:10  Zergling x40  
  148  13:21  Zergling x2  
  148  13:22  Zergling x16  
  153  13:37  Spore Crawler  
  149  13:43  Drone  
  149  13:44  Drone x6  
  149  13:47  Hatchery  
  152  13:50  Drone x4  
  156  14:00  Hatchery  
  156  14:01  Baneling  
  156  14:02  Baneling x18  
  155  14:07  Hive  
  155  14:16  Zergling x2  
  156  14:17  Zergling x8  
  156  14:19  Baneling x2  
  156  14:20  Baneling x9  
  122  14:50  Zergling x12  
  122  14:51  Zergling x36  
  102  15:05  Hydralisk  
  102  15:06  Hydralisk x7  
  117  15:13  Spore Crawler  
  112  15:21  Hatchery  
  111  15:25  Ultralisk Cavern  
  110  15:37  Baneling x14  
  110  15:38  Baneling  
Show
View Real Time Build Order
Export as new Build Order

llllllllllll Terran - Winner!

Build Orders: Liberator Opening, Reaper Expand 

Get SALT Encoding   

  12  0:00  SCV  
  13  0:12  SCV  
  14  0:16  Supply Depot  
  14  0:24  SCV  
  15  0:38  SCV  
  15  0:40  Barracks  
  16  0:44  Refinery  
  16  0:50  SCV  
  17  1:02  SCV  
  18  1:14  SCV  
  19  1:27  Orbital Command, Reaper  
  20  1:41  Command Center  
  20  1:49  Supply Depot  
  20  1:54  SCV  
  21  1:59  Marine  
  22  2:06  SCV  
  23  2:10  Factory  
  23  2:18  SCV, Refinery  
  24  2:23  Barracks Reactor  
  24  2:30  SCV  
  25  2:42  SCV  
  25  2:44  Barracks  
  26  2:54  SCV  
  26  2:56  Starport  
  26  2:57  Orbital Command  
  27  3:06  Barracks Tech Lab, SCV  
  27  3:07  Hellion  
  30  3:14  Hellion  
  30  3:18  SCV  
  33  3:23  SCV  
  34  3:28  Hellion  
  34  3:31  SCV  
  37  3:35  Hellion, SCV  
  37  3:36  Liberator  
  37  3:40  Supply Depot  
  43  3:43  SCV  
  43  3:47  SCV  
  45  3:54  Supply Depot  
  45  3:55  Barracks Tech Lab, SCV  
  46  4:02  SCV  
  46  4:07  SCV  
  46  4:09  Supply Depot  
  47  4:14  SCV  
  47  4:16  Marine  
  49  4:17  Siege Tank  
  49  4:18  Marine  
  49  4:19  SCV, Marine  
  49  4:22  Starport Reactor  
  55  4:26  SCV  
  55  4:30  Stimpack  
  56  4:31  SCV  
  56  4:34  Marine  
  56  4:36  Marine x2  
  60  4:38  SCV  
  60  4:43  SCV  
  62  4:46  Command Center  
  62  4:48  Supply Depot  
  62  4:50  SCV  
  62  4:51  Refinery  
  62  4:52  Marine  
  64  4:54  Marine  
  64  4:56  SCV  
  64  4:58  Siege Tank  
  69  5:03  SCV  
  69  5:04  Refinery  
  70  5:09  SCV, Medivac  
  70  5:11  Supply Depot, Marine x2  
  70  5:12  Marine  
  76  5:14  Medivac  
  78  5:27  Supply Depot  
  78  5:33  SCV x2, Marine  
  78  5:34  Siege Tank  
  84  5:39  Supply Depot  
  84  5:40  Marine x2  
  86  5:45  Engineering Bay x2  
  86  5:48  SCV x2  
  88  5:54  Starport Reactor  
  88  5:57  Marine x2  
  88  6:01  Supply Depot, SCV x2  
  89  6:04  Bunker  
  89  6:09  Barracks  
  89  6:10  Combat Shield  
  89  6:11  Marine  
  90  6:13  SCV x2  
  90  6:14  Terran Infantry Weapons Level 1  
  90  6:15  Marine x2  
  94  6:24  Terran Infantry Armor Level 1  
  94  6:25  SCV  
  93  6:31  SCV  
  88  6:33  Siege Tank, Medivac  
  88  6:38  SCV  
  88  6:39  Marine x3  
  96  6:43  Supply Depot  
  96  6:45  Armory  
  96  6:46  SCV  
  97  6:50  SCV  
  98  6:56  Marine  
  98  6:59  Marine x2, SCV  
  98  7:00  Marine x2  
  104  7:01  Medivac  
  104  7:02  SCV  
  104  7:06  Supply Depot  
  102  7:17  SCV  
  102  7:22  SCV  
  105  7:23  Orbital Command  
  105  7:26  Marine  
  105  7:29  Medivac, Concussive Shells  
  108  7:30  SCV  
  108  7:31  Medivac  
  108  7:35  SCV  
  108  7:42  Supply Depot  
  108  7:43  Terran Vehicle Weapons Level 1, Marine x2, Refinery  
  110  7:46  Sensor Tower, SCV  
  110  7:47  Refinery  
  110  7:50  SCV  
  110  7:51  Bunker, SCV  
  114  7:58  Marine, SCV  
  114  7:59  Marine x2  
  114  8:02  Siege Tank, SCV  
  114  8:03  Medivac, SCV  
  124  8:09  Terran Infantry Weapons Level 2  
  124  8:10  SCV  
  125  8:15  SCV x2  
  125  8:16  Medivac  
  125  8:17  Marine x3  
  125  8:18  Marauder  
  134  8:31  Terran Infantry Armor Level 2  
  134  8:32  Barracks  
  134  8:33  Barracks  
  134  8:39  Marine x5  
  139  8:44  Siege Tank, Medivac  
  144  8:54  Missile Turret  
  144  8:55  Command Center  
  144  8:56  Missile Turret  
  144  8:57  Marine x4  
  144  9:00  Missile Turret  
  148  9:04  Supply Depot  
  148  9:05  Marauder  
  148  9:06  Medivac  
  148  9:07  Supply Depot  
  152  9:15  Marine x3  
  152  9:16  Marine  
  156  9:25  Siege Tank, Medivac  
  156  9:26  Marauder  
  163  9:31  Barracks Reactor x2  
  163  9:35  SCV x3  
  163  9:36  Barracks, Medivac  
  168  9:38  Barracks  
  168  9:39  Barracks  
  167  9:47  SCV x3  
  167  9:52  Marine x2  
  171  9:58  Marine  
  155  10:02  Siege Tank, Marine  
  155  10:03  Marauder  
  155  10:07  SCV x3  
  155  10:10  Marine  
  155  10:13  Terran Vehicle Weapons Level 2  
  149  10:16  Marine  
  149  10:19  SCV x3  
  146  10:24  Marauder  
  142  10:30  Marine  
  142  10:31  SCV, Marine x2  
  142  10:34  Siege Tank, Marine x2  
  151  10:36  SCV  
  152  10:46  Sensor Tower, Marauder  
  152  10:47  Bunker  
  154  10:52  Marine  
  154  10:53  Marine  
  156  11:03  SCV  
  157  11:06  Siege Tank  
  157  11:07  Marauder  
  162  11:11  SCV x2  
  162  11:15  SCV  
  162  11:17  Missile Turret  
  164  11:20  Sensor Tower  
  164  11:23  SCV  
  165  11:27  SCV  
  166  11:34  Marine  
  166  11:35  Barracks Tech Lab x2  
  166  11:36  Barracks Tech Lab  
  166  11:37  Liberator  
  166  11:38  Liberator  
  174  11:40  SCV  
  163  11:51  Terran Infantry Weapons Level 3, Terran Infantry Armor Level 3  
  163  11:52  SCV  
  163  11:54  Siege Tank, Planetary Fortress  
  145  11:59  SCV  
  146  12:03  SCV  
  146  12:04  SCV  
  148  12:11  SCV  
  149  12:15  SCV  
  149  12:17  Marine x2  
  149  12:18  Marauder x4, Marine x2  
  149  12:19  Sensor Tower  
  162  12:30  SCV x4  
  162  12:34  Marine  
  162  12:37  Refinery  
  167  12:38  Refinery  
  167  12:39  Marine x2  
  167  12:40  Marauder, Marine  
  167  12:42  SCV x3  
  175  12:45  Terran Ship Weapons Level 1  
  175  12:48  Siege Tank, Liberator  
  181  12:53  Marine  
  181  12:54  Marine x2, Marauder  
  181  12:55  Marauder  
  188  12:59  Marine  
  188  13:01  Marauder  
  153  13:06  Supply Depot  
  153  13:07  Medivac, Supply Depot x2  
  153  13:08  Marine x2  
  153  13:09  Marauder  
  153  13:10  Marine x2  
  157  13:15  Marauder  
  156  13:20  Siege Tank, Marine x3  
  156  13:21  Marauder  
  164  13:28  Marauder, Marine x3  
  164  13:30  Missile Turret  
  171  13:38  Missile Turret  
  171  13:39  Missile Turret  
  171  13:40  Liberator x2  
  178  13:47  Marine x2  
  178  13:52  Siege Tank  
  178  13:55  Command Center, Marine x2  
  177  14:01  Marauder, Marine  
  177  14:02  Marauder x2  
  184  14:07  Marine  
  184  14:08  Marauder, Marine  
  188  14:11  Fusion Core  
  188  14:13  Marine x2  
  188  14:23  Liberator x2, Marine x2, Marauder  
  188  14:24  Marauder  
  200  14:28  Hi-Sec Auto Tracking  
  195  14:44  Marauder, Marine x2  
  196  14:48  SCV  
  196  14:50  Marine x4  
  196  14:51  Marauder x2, Marine x3  
  192  15:01  Marine x2  
  192  15:04  Command Center  
  192  15:05  Marauder  
  196  15:08  Marine x4  
  195  15:26  Marauder, Marine  
  191  15:35  Command Center  
  191  15:38  Command Center  
  191  15:40  Command Center  
  191  15:42  Marine  
  197  15:43  Marine  
  197  15:44  Marine  
Tags
 
Add a new tag
Caveats
  • Supply blocks, unpowered buildings, or Contaminate may cause inaccurate times.
  • Supply counts are checked every 10 seconds.